 Dungeon Crawl Stone Soup version 0.24.1 (webtiles) character file.

Game seed: 2048498949770408527, levelgen mode: deterministic

2676 Destapler the Grappler (level 9, -8/138 HPs)
             Began as a Troll Berserker on Apr 1, 2020.
             Was a High Priest of Trog.
             Mangled by a four-headed hydra (12 damage)
             ... on level 7 of the Dungeon.
             The game lasted 00:15:00 (4220 turns).

Destapler the Grappler (Troll Berserker)            Turns: 4220, Time: 00:15:01

Health: -8/138     AC:  8    Str: 35    XL:     9   Next: 37%
Magic:  8/8        EV: 10    Int:  3    God:    Trog [*****.]
Gold:   355        SH:  0    Dex:  9    Spells: 8/8 levels left

rFire    + + .     SeeInvis .   a - +1 dagger (speed)
rCold    + + .     Gourm    +   (no shield)
rNeg     . . .     Faith    +   p - +2 robe {rC+ rF+}
rPois    .         Spirit   .   (helmet restricted)
rElec    .         Reflect  .   n - scarf {rC+ rF+}
rCorr    .         Harm     .   (gloves unavailable)
MR       .....                  (boots unavailable)
Stlth    ..........             k - amulet of faith
HPRegen  0.73/turn              y - ring of stealth
MPRegen  0.11/turn              (no ring)

@: berserking, very quick
A: large, unfitting armour, claws 3, fast metabolism 3, gourmand, regeneration
1, shaggy fur 1, tough skin 3
a: Berserk, Trog's Hand, Brothers in Arms, Renounce Religion


You were on level 7 of the Dungeon.
You worshipped Trog.
Trog was extremely pleased with you.
You were very full.

You visited 1 branch of the dungeon, and saw 7 of its levels.

You collected 355 gold pieces.

Inventory:

Hand Weapons
 a - a +1 dagger of speed (weapon)
Missiles
 j - 2 throwing nets (quivered)
 D - 7 poisoned darts
Armour
 n - a scarf of resistance (worn)
 p - a +2 robe of resistance (worn)
Jewellery
 k - an amulet of faith (around neck)
 y - a ring of stealth (left claw)
Wands
 t - a wand of flame (30)
 B - a wand of random effects (26)
Scrolls
 c - 2 scrolls of enchant armour {unknown}
 e - 2 scrolls of enchant weapon {unknown}
 f - 5 scrolls of identify
 l - a scroll of fog {unknown}
 q - a scroll of magic mapping {unknown}
 r - 3 scrolls of fear {unknown}
 v - a scroll of teleportation {unknown}
Potions
 g - 3 potions of curing
 i - 2 potions of degeneration {unknown}
 m - a potion of flight {unknown}
 s - 2 potions of invisibility {unknown}
 u - 2 potions of agility {unknown}
 w - a potion of resistance
 x - a potion of heal wounds {unknown}
 z - a potion of mutation {unknown}
 A - a potion of might {unknown}
Comestibles
 b - 14 rations
 C - 2 chunks of flesh


   Skills:
 + Level 6.4 Fighting
 * Level 4.0 Throwing
 - Level 2.4 Dodging
 + Level 10.1 Unarmed Combat


You had 8 spell levels left.
You didn't know any spells.
Your spell library contained the following spells:

 Spells                   Type           Power        Failure   Level  Hunger
 Confusing Touch          Hex            #.....       52%         1    ##.....
 Confuse                  Hex            #.......     88%         3    ####...
 Gell's Gravitas          Tloc           #.........   88%         3    ####...
 Petrify                  Tmut/Erth      #.......     99%         4    #####..
 Metabolic Englaciation   Hex/Ice        #.........   100%        5    ######.
 Yara's Violent Unravell  Hex/Tmut       #.........   100%        5    ######.


Dungeon Overview and Level Annotations

Branches:
Dungeon (7/15)             Temple (0/1) D:4

Altars:
Ashenzari


Innate Abilities, Weirdness & Mutations

You are too large for most types of armour.
You have claws for hands.
Your metabolism is lightning-fast.
You like to eat raw meat.
Your natural rate of healing is unusually fast.
You are covered in fur. (AC +1)
You have extremely tough skin. (AC +3)


Message History

The four-headed hydra is heavily wounded.
The four-headed hydra bites you!
* * * LOW HITPOINT WARNING * * *
The four-headed hydra closely misses you.
The four-headed hydra bites you!
* * * LOW HITPOINT WARNING * * *
The four-headed hydra bites you!
* * * LOW HITPOINT WARNING * * *
You hit the four-headed hydra.
The four-headed hydra is heavily wounded.
Unknown command.
You barely miss the four-headed hydra.
The four-headed hydra is heavily wounded.
The four-headed hydra bites you!
* * * LOW HITPOINT WARNING * * *
The four-headed hydra bites you!
* * * LOW HITPOINT WARNING * * *
The four-headed hydra barely misses you.
The four-headed hydra bites you!
You die...

.... .## ...........
... .8#?# ####...###
##+##/##+## ##..# #
#...+=#..8#####...###
8..#$#...'.##.......
#'##$##'##....#.....
#T8#!#8.##..##.....(
#..###..#...#.......
#D@'[.##...........
#######............
..............
..#............
..#............
.............
.............
............
...........


You could see a four-headed hydra and a troll.

Vanquished Creatures
  A hippogriff (D:7)
  Sigmund (D:3)
  A water moccasin (D:6)
  2 ice beasts (D:6)
  2 sky beasts
  A black bear (D:6)
  A phantom (D:5)
  3 ogres
  A centaur (D:6)
  3 bullfrogs (D:6)
  A gnoll sergeant (D:7)
  4 crimson imps
  A centaur zombie (D:5)
  A bullfrog skeleton (D:6)
  3 hounds
  3 orc wizards
  3 centaur skeletons
  3 orc priests
  Jessica (D:3)
  An iguana (D:5)
  5 worker ants
  2 killer bee zombies
  2 hound skeletons
  A worker ant zombie (D:6)
  Robin (D:3)
  4 gnolls
  A howler monkey skeleton (D:5)
  6 adders
  3 shadow imps
  3 oozes
  An adder zombie (D:5)
  An adder skeleton (D:5)
  A dart slug (D:2)
  4 worms
  8 leopard geckos
  20 orcs
  3 ball pythons
  7 giant cockroaches
  16 goblins
  15 hobgoblins
  7 jackals
  8 quokkas
  11 bats
  10 frilled lizards
  A giant cockroach zombie (D:6)
  3 kobolds
  A quokka skeleton (D:5)
  7 rats
  A toadstool (D:1)
190 creatures vanquished.

Vanquished Creatures (others)
  3 toadstools (D:1)
3 creatures vanquished.

Grand Total: 193 creatures vanquished

Notes
Turn   | Place    | Note
-------+----------+-------------------------------------------
     0 | D:1      | Destapler the Troll Berserker began the quest for the Orb.
     0 | D:1      | Reached XP level 1. HP: 22/22 MP: 0/0
    96 | D:1      | Reached XP level 2. HP: 29/29 MP: 1/1
   305 | D:1      | Reached XP level 3. HP: 31/36 MP: 2/2
   718 | D:1      | Reached skill level 4 in Unarmed Combat
   856 | D:1      | Reached ** piety under Trog
  1141 | D:2      | Reached XP level 4. HP: 39/45 MP: 3/3
  1530 | D:3      | Noticed Sigmund
  1538 | D:3      | Reached *** piety under Trog
  1541 | D:3      | Killed Sigmund
  1541 | D:3      | Reached skill level 5 in Unarmed Combat
  1541 | D:3      | Reached XP level 5. HP: 49/54 MP: 4/4
  1541 | D:3      | Reached XP level 6. HP: 56/62 MP: 5/5
  1545 | D:3      | Reached skill level 6 in Unarmed Combat
  1793 | D:3      | Found a faded altar of an unknown god.
  1815 | D:3      | Noticed Robin
  1828 | D:3      | Killed Robin
  1889 | D:3      | Noticed Jessica
  1898 | D:3      | Killed Jessica
  2093 | D:4      | Reached **** piety under Trog
  2093 | D:4      | Reached XP level 7. HP: 70/70 MP: 6/6
  2107 | D:4      | Reached skill level 7 in Unarmed Combat
  2177 | D:4      | Found a staircase to the Ecumenical Temple.
  2432 | D:5      | Entered Level 5 of the Dungeon
  2486 | D:5      | Found a shattered altar of Ashenzari.
  2585 | D:5      | Reached skill level 8 in Unarmed Combat
  2612 | D:5      | Reached skill level 5 in Fighting
  2636 | D:5      | Reached XP level 8. HP: 80/80 MP: 7/7
  2722 | D:5      | Reached ***** piety under Trog
  2971 | D:6      | Reached skill level 9 in Unarmed Combat
  3276 | D:6      | Reached skill level 1 in Throwing
  3336 | D:6      | Reached XP level 9. HP: 76/89 MP: 8/8
  3947 | D:7      | Got a brightly glowing leather armour
  4002 | D:7      | Reached skill level 10 in Unarmed Combat
  4204 | D:7      | Noticed a four-headed hydra
  4212 | D:7      | Noticed a troll
  4220 | D:7      | HP: 4/138 [four-headed hydra (12)]
  4220 | D:7      | Mangled by a four-headed hydra

Levels and vault maps discovered:
D:1:      ldierk_water_garden, layout_loops_corners, minmay_split_cup_small
D:2:      layout_basic
D:3:      layout_basic, chequers_ecumenical_altar_simple_redux, uniq_sigmund,
          uniq_robin, uniq_jessica
D:4:      layout_cave_pools, minmay_temple_entry_drinking_statues
D:5:      minmay_bubble_buster, layout_rooms, evilmike_ruin_ashenzari,
          first_ration
D:6:      layout_loops_corners, kennysheep_boxes
D:7:      minmay_chambers_of_sixes, layout_layer_cave, grunt_livestock

Skill      XL: |  1  2  3  4  5  6  7  8  9 |
---------------+----------------------------+-----
Unarmed Combat | 4 5 6 8 9 10 | 10.1
Fighting       | 3 4 5 6 |  6.4
Throwing       | 2 4 |  4.0
Dodging        | |  2.4

Action                   |  1- 3 |  4- 6 |  7- 9 || total
-------------------------+-------+-------+-------++-------
Melee: Unarmed           |   108 |   134 |   227 ||   469
       Punch             |     2 |     1 |     8 ||    11
       Dagger            |       |       |     7 ||     7
Invok: Trog's Hand       |       |     3 |     3 ||     6
       Berserk           |       |     3 |     2 ||     5
  Use: Scroll            |       |       |     3 ||     3
 Stab: Sleeping          |       |       |     3 ||     3
  Eat: Chunk             |    16 |    13 |    21 ||    50
Armor: Animal skin       |    52 |    41 |       ||    93
       Robe              |       |     5 |    72 ||    77
Dodge: Dodged            |    51 |    91 |    81 ||   223
